Map: Jagannatha LE

Players

PrimeKilla

  • Race: Protoss Protoss

Throwfordays - Winner!

  • Race: Protoss Protoss
  • League: Gold

VOD

Have the link to the VOD?

Description

Time

  • Played on: June 23, 2021, 2:52 a.m.
  • Length: 8:56
Show
View Real Time Build Order
Export as new Build Order

PrimeKilla Protoss 

Build Orders:  

Get SALT Encoding   

  12  0:01  Probe  
  13  0:19  Probe  
  13  0:20  Pylon  
  14  0:40  Forge  
  14  1:17  Gateway  
  14  1:28  Pylon  
  14  1:39  Pylon  
  13  2:08  Cybernetics Core  
  13  2:13  Nexus  
  13  2:28  Photon Cannon  
  13  2:30  Probe  
  14  2:37  Assimilator  
  14  2:48  Probe  
  15  2:57  Photon Cannon  
  15  3:12  Probe (Chrono Boost)  
  16  3:21  Assimilator  
  16  3:22  Probe (Chrono Boost)  
  17  3:27  Probe (Chrono Boost)  
  17  3:30  Probe  
  19  3:39  Pylon  
  19  3:41  Probe (Chrono Boost)  
  20  3:42  Probe (Chrono Boost)  
  21  3:53  Probe (Chrono Boost)  
  22  4:07  Stargate  
  23  4:18  Probe x2 (Chrono Boost)  
  24  4:30  Probe (Chrono Boost)  
  26  4:33  Probe (Chrono Boost)  
  26  4:35  Probe (Chrono Boost)  
  27  4:39  Assimilator  
  27  4:41  Assimilator  
  27  4:44  Probe  
  27  4:45  Void Ray  
  32  4:56  Probe  
  33  5:07  Stargate  
  33  5:13  Probe (Chrono Boost)  
  34  5:23  Probe (Chrono Boost)  
  34  5:28  Void Ray, Stalker, Probe (Chrono Boost)  
  42  5:39  Probe (Chrono Boost)  
  43  5:46  Void Ray  
  43  5:51  Probe (Chrono Boost)  
  48  5:59  Probe (Chrono Boost)  
  49  6:05  Probe  
  49  6:09  Void Ray  
  49  6:11  Stargate  
  50  6:17  Probe  
  55  6:29  Probe  
  55  6:32  Pylon  
  56  6:42  Probe  
  57  6:47  Pylon  
  57  6:52  Void Ray (Chrono Boost)  
  57  6:54  Probe  
  62  6:56  Void Ray (Chrono Boost)  
  62  6:57  Pylon  
  62  7:00  Pylon  
  66  7:06  Probe  
  67  7:18  Probe  
  66  7:31  Probe  
  63  7:43  Probe  
  47  8:20  Pylon  
  47  8:23  Pylon  
  47  8:27  Pylon  
  39  8:36  Pylon  
  39  8:45  Pylon  
Show
View Real Time Build Order
Export as new Build Order

Throwfordays Protoss - Winner!

Build Orders:  

Get SALT Encoding   

  12  0:00  Probe  
  13  0:14  Pylon  
  13  0:25  Probe (Chrono Boost)  
  14  0:35  Probe (Chrono Boost)  
  15  0:40  Probe (Chrono Boost)  
  15  0:41  Forge  
  16  0:52  Probe  
  17  1:22  Photon Cannon  
  17  1:32  Probe  
  18  1:35  Assimilator  
  18  1:44  Probe  
  19  1:51  Nexus  
  19  1:55  Pylon  
  19  1:56  Probe  
  19  1:59  Gateway  
  20  2:08  Probe  
  21  2:14  Gateway  
  21  2:29  Assimilator  
  21  2:42  Probe  
  22  2:48  Cybernetics Core  
  22  2:55  Probe  
  23  3:04  Probe (Chrono Boost)  
  24  3:10  Probe (Chrono Boost)  
  25  3:16  Probe (Chrono Boost)  
  26  3:22  Warp Gate (Chrono Boost)  
  26  3:23  Probe (Chrono Boost)  
  26  3:26  Gateway  
  27  3:27  Probe  
  27  3:30  Probe  
  27  3:31  Adept  
  27  3:32  Adept  
  33  3:39  Probe  
  34  3:42  Probe  
  34  3:51  Probe  
  34  3:53  Robotics Facility  
  34  3:54  Probe  
  36  3:56  Assimilator  
  36  3:58  Assimilator  
  36  4:03  Probe  
  36  4:07  Probe  
  36  4:08  Robotics Facility  
  38  4:16  Probe  
  39  4:19  Probe  
  40  4:28  Probe  
  40  4:31  Probe  
  42  4:38  Pylon  
  42  4:41  Pylon  
  42  4:43  Pylon, Probe  
  43  4:55  Probe  
  43  4:56  Immortal x2  
  52  5:04  Pylon  
  52  5:13  Stalker  
  54  5:15  Stalker  
  54  5:20  Stalker  
  58  5:31  Probe  
  58  5:33  Probe  
  60  5:36  Immortal  
  60  5:40  Stalker  
  60  5:41  Stalker  
  68  5:43  Observer, Probe  
  68  5:46  Probe  
  71  5:52  Stalker  
  71  5:55  Probe  
  74  6:02  Pylon  
  74  6:25  Gateway x2  
  74  6:51  Stalker x3  
  78  7:20  Stalker x4  
  78  7:21  Stalker  
  64  7:49  Stalker  
  64  7:50  Stalker x4  
  64  7:58  Gateway  
  60  7:59  Gateway  
  60  8:01  Gateway  
  60  8:03  Gateway  
  56  8:13  Stalker x2  
  56  8:14  Stalker x3  
  66  8:21  Pylon  
  66  8:23  Pylon  
  66  8:25  Pylon  
  62  8:40  Stalker x4  
  62  8:41  Stalker  
Tags
 
League
Gold
Matchup
PvP
Replay Pack
Multiplayer
Add a new tag
Caveats
  • Supply blocks, unpowered buildings, or Contaminate may cause inaccurate times.
  • Supply counts are checked every 10 seconds.